Get step-by-step instructions on how to execute this build order below. Start the game timer, and the build order will tick by so you can play in parallel with StarCraft on a second screen or mobile device.

Game Time

  0:00

Last Step

  N/A

Next Step

Upcoming Step



Don't want to look back and forth between 2 screens? Try out our Overwolf App, the Spawning Tool Build Advisor to get an in-game overlay with this build!

Complete Build Order

  12  0:00  Probe  
  13  0:12  Probe  
  14  0:19  Pylon  
  14  0:24  Probe  
  15  0:37  Probe (Chrono Boost)  
  15  0:39  Gateway  
  16  0:47  Assimilator, Probe (Chrono Boost)  
  17  0:52  Probe  
  19  1:04  Probe  
  19  1:16  Probe  
  20  1:27  Cybernetics Core  
  20  1:32  Pylon  
  20  1:33  Zealot  
  20  1:34  Probe  
  23  1:44  Assimilator  
  23  1:50  Probe  
  24  1:55  Pylon  
  24  2:02  Stalker (Chrono Boost), Probe  
  24  2:06  Warp Gate  
  27  2:14  Probe  
  28  2:19  Nexus  
  28  2:28  Stalker  
  30  2:35  Pylon  
  30  2:43  Probe  
  30  2:50  Gateway  
  30  2:55  Probe  
  31  3:03  Sentry  
  33  3:07  Probe (Chrono Boost)  
  33  3:12  Twilight Council  
  34  3:17  Probe (Chrono Boost)  
  35  3:22  Probe (Chrono Boost)  
  36  3:28  Shield Battery  
  36  3:34  Phoenix, Probe x2 (Chrono Boost)  
  38  3:43  Probe x2 (Chrono Boost)  
  38  3:45  Blink (Chrono Boost), Pylon  
  38  3:48  Probe x2 (Chrono Boost)  
  42  3:59  Probe  
  42  4:00  Probe  
  42  4:02  Stalker  
  46  4:03  Stalker  
  48  4:12  Probe x2  
  50  4:23  Nexus  
  50  4:31  Stalker x2  
  50  4:33  Probe  
  50  4:34  Probe  
  56  4:38  Pylon  
  56  4:45  Probe  
  56  4:46  Probe  
  56  4:50  Pylon  
  56  4:52  Assimilator  
  58  4:58  Stalker x2  
  62  5:01  Probe x2  
  62  5:04  Forge  
  64  5:13  Probe x2  
  66  5:19  Gateway  
  66  5:22  Gateway  
  66  5:24  Adept x2  
  66  5:27  Probe x2  
  72  5:35  Protoss Ground Weapons Level 1 (Chrono Boost)  
  72  5:39  Probe x2  
  72  5:40  Probe  
  75  5:45  Gateway  
  75  5:46  Gateway  
  75  5:54  Probe x3  
  78  6:05  Gateway  
  78  6:06  Probe x3  
  78  6:08  Gateway  
  78  6:10  Pylon  
  81  6:21  Gateway  
  81  6:25  Zealot x2  
  81  6:28  Templar Archives  
  81  6:29  Pylon  
  81  6:31  Pylon  
  81  6:34  Zealot  
  81  6:35  Zealot  
  81  6:36  Probe  
  81  6:38  Pylon, Charge  
  86  6:40  Pylon  
  86  6:42  Pylon  
  86  6:43  Robotics Facility  
  86  6:48  Zealot x2, Probe  
  86  6:50  Zealot x2  
  95  6:55  Shield Battery  
  95  7:04  Zealot x4  
  103  7:22  High Templar x4  
  109  7:24  Zealot x5  
  109  7:29  Archon x2  
  121  7:31  Observer (Chrono Boost)  
  121  7:35  Nexus  
  121  7:36  Pylon  
  121  7:45  Warp Prism (Chrono Boost)  
  121  7:48  Zealot x5  
  133  7:52  Pylon  
  133  7:54  Pylon  
  133  8:03  High Templar  
  133  8:04  High Templar, Zealot x2  
  141  8:08  Archon, Pylon  
  140  8:20  Zealot x5  
  140  8:25  Zealot x2  
  154  8:29  Probe x3  
  155  8:44  High Templar x2, Zealot x3  
  155  8:45  Zealot x3  
  155  8:46  Zealot  
  173  8:50  Archon  
  134  9:08  Zealot x3